 Dungeon Crawl Stone Soup version 0.32-a0-996-gb3226c233f (webtiles) character file.

Game seed: 4522173998745837093

154 GiantSquids the Ruffian (level 5, -4/54 HPs)
             Began as an Octopode Berserker on Apr 24, 2024.
             Was a Believer of Trog.
             Slain by a +1 spectral club (7 damage)
             ... created by Ijyb
             ... while paralysed by Ijyb
             ... on level 3 of the Dungeon.
             The game lasted 00:04:42 (1733 turns).

GiantSquids the Ruffian (Octopode Berserker)        Turns: 1733, Time: 00:04:43

Health: -4/54      AC:  1    Str: 18    XL:     5   Next: 36%
Magic:  5/5        EV:  2    Int: 10    God:    Trog [**....]
Gold:   67         SH:  0    Dex: 11    Spells: 4/4 levels left

rFire   . .          .
                       - Unarmed
rCold   . . .        (no shield)
rNeg    . . .        (helmet restricted)
rPois   .            (no amulet)
rElec   .            (no ring)
rCorr   .            (no ring)
SInv    .            (no ring)
Will    .....        (no ring) Stlth
                     (no ring)
HPRegen 0.29/turn    (no ring)
MPRegen 0.09/turn    (no ring)
                     (no ring)

%: no passive effects
@: paralysed, berserking
A: almost no armour, amphibious, 8 rings, camouflage 1, gelatinous body 1,
(nimble swimmer 1), tentacles
a: Renounce Religion, Berserk, Trog's Hand


You were on level 3 of the Dungeon.
You worshipped Trog.
Trog was pleased with you.
You visited 1 branch of the dungeon, and saw 3 of its levels.

You collected 67 gold pieces.

Inventory:

Talismans
 i - a maw talisman
Scrolls
 b - 2 scrolls of identify {unknown}
 d - 2 scrolls of blinking {unknown}
 f - 2 scrolls of teleportation {unknown}
Potions
 a - a potion of ambrosia {unknown}
 c - 4 potions of curing {unknown}
 e - a potion of haste {unknown}
 g - 2 potions of attraction {unknown}
 h - a potion of might {unknown}


   Skills:
 - Level 3.0 Fighting
 - Level 3.0 Dodging
 + Level 3.9 Stealth
 * Level 5.0 Unarmed Combat
 * Level 0.1 Shapeshifting


You had 4 spell levels left.
You didn't know any spells.
Your spell library was empty.

Dungeon Overview and Level Annotations

Branches:
Dungeon (3/15)

Altars:

Annotations:
D:3 Ijyb


Innate Abilities, Weirdness & Mutations

You cannot wear most types of armour.
You are amphibious.
You can wear up to eight rings at the same time.
Your skin changes colour to match your surroundings (Stealth+).
Your rubbery body absorbs attacks. (AC +1, EV +1)
((You are camouflaged when in or above water. (Stealth+)))
You have tentacles for arms and can constrict up to eight enemies at once.


Message History

Trog accepts your kill.
You see here a +0 club.
You see here a +0 club.
You tentacle-slap the goblin. Your grab misses the goblin.
The goblin is severely wounded.
The goblin hits you with a +0 dagger.
You completely miss the goblin. Your grab misses the goblin.
The goblin is severely wounded.
The goblin hits you with a +0 dagger.
You tentacle-slap the goblin.
You kill the goblin!
Trog accepts your kill.
Things that are here:
a +0 dagger; a +0 club Ijyb shouts!
Ijyb zaps a wand.
You resist with some effort.
Ijyb zaps a wand.
You suddenly lose the ability to move!
Ijyb hits you with a +1 spectral club. The +1 spectral club hits you.
A +1 spectral club comes into view.
Ijyb hits you with a +1 spectral club. The +1 spectral club hits you.
Ijyb hits you with a +1 spectral club. The +1 spectral club hits you.
You can move again.
A red film seems to cover your vision as you go berserk!
You feel yourself moving faster!
You feel mighty! Ijyb hits you with a +1 spectral club.
* * * LOW HITPOINT WARNING * * *
The +1 spectral club hits you!
* * * LOW HITPOINT WARNING * * *
You bludgeon Ijyb! Your grab misses Ijyb.
Ijyb is moderately wounded.
Ijyb hits you with a +1 spectral club.
* * * LOW HITPOINT WARNING * * *
The +1 spectral club completely misses you.
You closely miss Ijyb. You grab Ijyb.
Ijyb is moderately wounded.
You constrict Ijyb.
Ijyb zaps a wand.
You suddenly lose the ability to move!
You lose your grip on Ijyb.
The +1 spectral club disappears.
Ijyb barely misses you. The +1 spectral club hits you!
You die...

............#.g........#
..##......###(.........#
.....###....#.g........##
.......#....#(.......g..#
.#.###......#.....g.....#
.....)......#.ß.#.#.ß...#
.#.#####...)#########...#
.#.## #...........)....#
.#..####........@g......#
(##...#..........(......#
#####.[.#...............#
###....#............###
###...##.##.###....####
....####....# ###..#
..........### ####
..######.## ### #..#


You could see a +1 spectral club (wandering) and Ijyb.

Vanquished Creatures
  Terence (D:2)
  4 gnolls (D:3)
  5 adders
  3 ribbon worms (D:2)
  3 ball pythons (D:2)
  2 bats
  An endoplasm (D:2)
  4 giant cockroaches
  3 hobgoblins
  3 kobolds
  2 quokkas (D:2)
  A frilled lizard (D:2)
  8 goblins
  5 rats
45 creatures vanquished.

Notes
Turn   | Place    | Note
-------+----------+-------------------------------------------
     0 | D:1      | GiantSquids the Octopode Berserker began the quest for the
                  | Orb.
     0 | D:1      | Reached XP level 1. HP: 16/16 MP: 1/1
   104 | D:1      | You fall into a shaft and drop 1 floor!
   114 | D:2      | Reached skill level 1 in Stealth
   124 | D:2      | Reached XP level 2. HP: 21/21 MP: 2/2
   287 | D:2      | Reached XP level 3. HP: 20/26 MP: 3/3
   382 | D:2      | Reached skill level 4 in Unarmed Combat
   527 | D:2      | Noticed Terence
   538 | D:2      | Killed Terence
   539 | D:2      | Reached XP level 4. HP: 21/31 MP: 4/4
   611 | D:2      | Found a faded altar of an unknown god.
   784 | D:2      | Reached ** piety under Trog
  1091 | D:3      | Reached XP level 5. HP: 15/36 MP: 5/5
  1493 | D:3      | Reached skill level 5 in Unarmed Combat
  1651 | D:3      | Noticed Ijyb
  1725 | D:3      | Paralysed by Ijyb for 5 turns
  1732 | D:3      | Paralysed by Ijyb for 5 turns
  1733 | D:3      | Slain by a +1 spectral club

Illustrated notes

Levels and vault maps discovered:
D:1:      lightli_iron_boxes, layout_rooms, serial_shops,
          nicolae_shop_bloodbath_and_beyond, corner_web_ring,
          minmay_tromino_v4_b
D:2:      layout_loops_ring, basic_ecumenical_altar, uniq_terence
D:3:      kennysheep_the_goblin_king, layout_rooms

Skill      XL: |  1  2  3  4  5 |
---------------+----------------+-----
Stealth        | 1 2 3 |  3.9
Unarmed Combat | 4 5 |  5.0
Fighting       | |  3.0
Dodging        | |  3.0
Shapeshifting  | |  0.1

Action                     |  1- 3 |  4- 6 || total
---------------------------+-------+-------++-------
  Melee: Unarmed           |    48 |    51 ||    99
         Tentacles         |     8 |    10 ||    18
         Constrict         |     7 |    15 ||    22
         Punch             |     1 |     2 ||     3
 Invoke: Berserk           |       |     1 ||     1
   Stab: Sleeping          |     3 |     2 ||     5
 Armour: Skin              |    18 |    40 ||    58
  Dodge: Dodged            |    24 |    20 ||    44

Table legend: (Time is in decaauts)
 A = Elapsed time spent in this place.
 B = Non-inter-level travel time spent in this place.
 C = Inter-level travel time spent in this place.
 D = Time resting spent in this place.
 E = Time spent auto-exploring this place.
 F = Levels seen in this place.
 G = Mean time per level.
                   A        B        C        D        E       F      G
               +--------+--------+--------+--------+--------+-----+--------+
         Total |   1724 |   1622 |    102 |      0 |   1196 |   3 |  574.7 |
       Dungeon |   1724 |   1622 |    102 |      0 |   1196 |   3 |  574.7 |
               +--------+--------+--------+--------+--------+-----+--------+

Top non-repeatable levels by time:
     D:2: 1056 daAuts
     D:3: 564 daAuts
     D:1: 103 daAuts
